 Zot Defence DCSS version 0.15.2 (webtiles) character file.

3939 namelastname112 the Cleaver (level 10, -8/78 (90) HPs)
             Began as a Green Draconian Berserker on May 21, 2016.
             Was a Follower of Trog.
             Killed by the air
             ... invoked by a wind drake
              (13 damage)
             ... in the Realm of Zot (Scenario I: Hall of Zot).
             The game lasted 00:08:52 (1709 turns).

namelastname112 the Cleaver (DrBe)                  Turns: 1709, Time: 00:08:52

HP  -8/78 (90)   AC  7     Str 19      XL: 10   Next:  1%
MP  10/10        EV 16     Int  9      God: Trog [*.....]
Gold 0           SH  0     Dex 13      Spells:  0 memorised,  9 levels left

rFire  . . .     SeeInvis .     a - +0 hand axe
rCold  . . .     Clarity  .     (armour unavailable)
rNeg   . . .     rCorr    .     (no shield)
rPois  +         rRot     .     (helmet restricted)
rElec  .         Spirit   .     (no cloak)
SustAb .         Warding  .     (no gloves)
rMut   .         Stasis   .     (no boots)
Gourm  .                        (no amulet)
MR     .....                    (no ring)
                                (no ring)

@: not resistant to hostile enchantments, very unstealthy
A: breathe noxious fumes, unfitting armour, poison resistance, cold-blooded, AC
+7
a: Make oklob sapling, Make arrow trap, Make plant, Remove Curse, Make burning
bush, Make altar, Make grenades, Make oklob plant, Make net trap, Make ice
statue, Make spear trap, Breathe Noxious Fumes, Burn Spellbooks, Berserk,
Renounce Religion


You were in the Realm of Zot.
You worshipped Trog.
Trog was aware of your devotion.
You were not hungry.

You visited 1 branch

Inventory:

Hand weapons
 a - a +0 hand axe (weapon)
Comestibles
 d - a bread ration
Scrolls
 i - a scroll of blinking
Potions
 b - a potion of invisibility {unknown}
 c - 3 potions of curing
 f - a potion of haste
 g - 2 potions of magic
 h - a potion of berserk rage


   Skills:
 + Level 8.5 Fighting
 * Level 10.5 Axes
 + Level 7.3 Dodging


You had 9 spell levels left.
You didn't know any spells.

Dungeon Overview and Level Annotations

Branches:
    Zot (1/1)

Altars:


Innate Abilities, Weirdness & Mutations

You can breathe blasts of noxious fumes.
Your lurid green scales are hard (AC +7).
Your body does not fit into most forms of armour.
Your system is resistant to poisons.
Your cold-blooded metabolism reacts poorly to cold.


Message History

The splash of acid hits the merfolk.
The merfolk writhes in agony as its flesh is eaten away!
Your oklob plant spits acid at the wind drake.
The wind drake deflects the splash of acid!
The merfolk hits your oklob plant but does no damage.
The wind drake exhales a fierce blast of wind!
Your burning bush throws fire at the wind drake.
The wind drake deflects the puff of flame!
Your oklob plant spits acid at the wind drake.
The wind drake deflects the splash of acid!
The wind drake bites your plant.
The merfolk hits your oklob plant but does no damage.
The wind drake flaps its wings at your plant.
The air twists around and strikes you!
* * * LOW HITPOINT WARNING * * *
Your oklob plant spits acid at the wind drake.
The wind drake deflects the splash of acid!
The wind drake flaps its wings at your plant.
The air twists around and strikes you!
You die...

..........## ##........
...........# ▓▓▓▓▓▓▓▓▓ #.........
...........▓▓▓..%P...▓▓▓.........
...........▓▓..).P%...▓▓.........
..........)▓.)k..P.)%..▓)........
......k...)))mk)mPP))))).........
...........▓.%.)kP....%▓.........
...........▓▓....P)...▓▓.........
...........▓▓▓..@P...▓▓▓.........
...........▓ ▓▓▓▓▓▓▓▓▓ ▓.........
..........▓▓ ▓▓........
........▓▓▓ ▓▓▓...... .....▓▓▓▓
▓▓▓▓... ▓▓▓▓▓▓▓▓▓ ▓▓▓▓▓▓▓ #▓))▓
▓∆∆▓# ▓))▓ ▓∆∆▓ ▓▓▓▓ ▓▓▓▓


You could see 3 wind drakes, 2 merfolk, 6 friendly oklob plants and a friendly
burning bush.

Vanquished Creatures
  A phantom (Zot)
  A worker ant (Zot)
  An adder (Zot)
  An ooze (Zot)
  An orc (Zot)
  2 giant cockroaches (Zot)
  5 goblins (Zot)
  A hobgoblin (Zot)
  A quokka (Zot)
  4 bats (Zot)
  A kobold (Zot)
  A rat (Zot)
20 creatures vanquished.

Vanquished Creatures (collateral kills)
  Joseph (Zot)
  A slime creature (Zot)
  A wind drake (Zot)
  A hungry ghost (Zot)
  A deep elf fighter (Zot)
  A warg (Zot)
  A hell hound (Zot)
  A big kobold (Zot)
  A phantom (Zot)
  3 crocodiles (Zot)
  2 black bears (Zot)
  3 centaurs (Zot)
  3 ogres (Zot)
  A giant frog (Zot)
  9 hounds (Zot)
  2 orc priests (Zot)
  2 gnoll shamans (Zot)
  4 iguanas (Zot)
  An orange rat (Zot)
  A worker ant (Zot)
  2 sheep (Zot)
  11 adders (Zot)
  A gnoll (Zot)
  A giant mite (Zot)
  A worm (Zot)
  4 oozes (Zot)
  7 orcs (Zot)
  2 giant cockroaches (Zot)
  16 hobgoblins (Zot)
  13 jackals (Zot)
  4 quokkas (Zot)
  8 ball pythons (Zot)
  11 bats (Zot)
  2 giant newts (Zot)
  A giant spore (Zot)
  15 goblins (Zot)
  6 kobolds (Zot)
  10 rats (Zot)
155 creatures vanquished.

Vanquished Creatures (others)
  An oklob sapling (Zot)
1 creature vanquished.

Grand Total: 176 creatures vanquished

Notes
Turn   | Place    | Note
--------------------------------------------------------------
     0 | Zot      | namelastname112, the Draconian Berserker, began the quest for the Orb.
     0 | Zot      | Reached XP level 1. HP: 19/19 MP: 1/1
   208 | Zot      | Reached XP level 2. HP: 23/26 MP: 2/2
   314 | Zot      | Reached XP level 3. HP: 31/31 MP: 3/3
   341 | Zot      | Noticed Haqiaros
   367 | Zot      | Killed Haqiaros the phantom
   367 | Zot      | Reached skill level 4 in Fighting
   367 | Zot      | Reached skill level 5 in Axes
   367 | Zot      | Reached XP level 4. HP: 24/35 MP: 4/4
   367 | Zot      | Reached XP level 5. HP: 28/41 MP: 5/5
   367 | Zot      | Reached XP level 6. HP: 32/47 MP: 6/6
   532 | Zot      | Reached skill level 5 in Fighting
   620 | Zot      | Reached skill level 6 in Axes
   624 | Zot      | Your scales start taking on a lurid green colour.
   624 | Zot      | Gained mutation: Your system is resistant to poisons. [draconian maturity]
   624 | Zot      | Reached XP level 7. HP: 55/55 MP: 7/7
   816 | Zot      | Reached skill level 7 in Axes
   816 | Zot      | Reached skill level 5 in Dodging
   838 | Zot      | Reached XP level 8. HP: 35/64 MP: 8/8
  1136 | Zot      | Reached skill level 8 in Axes
  1140 | Zot      | Noticed Atacwedghext
  1148 | Zot      | Killed Atacwedghext the slime creature
  1252 | Zot      | Reached XP level 9. HP: 73/73 MP: 9/9
  1304 | Zot      | Reached skill level 9 in Axes
  1541 | Zot      | Noticed Joseph
  1543 | Zot      | Killed Joseph
  1543 | Zot      | Reached skill level 10 in Axes
  1704 | Zot      | Reached XP level 10. HP: 10/78 MP: 10/10
  1709 | Zot      | Killed from afar by a wind drake

Action                   |  1- 3 |  4- 6 |  7- 9 | 10-12 || total
-------------------------+-------+-------+-------+-------++-------
Melee: Hand axe          |    38 |     4 |    42 |       ||    84
Invok: Berserk           |     1 |       |       |       ||     1
 Abil: Make oklob saplin |     1 |       |       |       ||     1
       Make burning bush |       |     1 |       |       ||     1
       Make oklob plant  |       |       |     6 |       ||     6
       Make plant        |       |       |     1 |       ||     1
  Use: Potion            |       |       |     1 |       ||     1
 Stab: Distracted        |       |       |     1 |       ||     1
